 Dungeon Crawl Stone Soup version 0.29-a0-284-gf9362112df (webtiles) character file.

Game seed: 3839145996960859399

0 Snicker the Sneak (level 1, 0/9 HPs)
             Began as a Spriggan Enchanter on Mar 19, 2022.
             Slain by a kobold
             ... wielding a +0 whip
              (3 damage)
             ... on level 1 of the Dungeon.
             The game lasted 00:00:11 (108 turns).

Snicker the Sneak (Spriggan Enchanter)               Turns: 108, Time: 00:00:11

Health: 0/9        AC:  2    Str:  4    XL:     1   Next: 8%
Magic:  5/5        EV: 17    Int: 16    God:
Gold:   0          SH:  0    Dex: 15    Spells: 5/5 levels left

rFire   . . .      SeeInvis +   a - +1 dagger
rCold   . . .      Faith    .   (no shield)
rNeg    . . .      Spirit   .   b - +0 robe
rPois   .          Reflect  .   (helmet restricted)
rElec   .          Harm     .   (no cloak)
rCorr   .          Rampage  .   (gloves unavailable)
Will    .....                   (boots unavailable)
Stlth   +++.......              (no amulet)
HPRegen 0.03/turn               (no ring)
MPRegen 0.09/turn               (no ring)

@: very quick
A: very small, no large weapons, unfitting armour, see invisible, speed 3
a: no special abilities


You were on level 1 of the Dungeon.
You visited 1 branch of the dungeon, and saw 1 of its levels.

Inventory:

Hand Weapons
 a - a +1 dagger (weapon)
Armour
 b - a +0 robe (worn)
Scrolls
 d - a scroll of fog {unknown}
Potions
 c - 2 potions of invisibility


   Skills:
 * Level 1.1 Short Blades
 - Level 2.6 Dodging
 * Level 4.4 Stealth
 - Level 2.6 Spellcasting
 - Level 3.6 Hexes


You had 5 spell levels left.
You didn't know any spells.
Your spell library contained the following spells:

 Spells                   Type           Power      Damage    Failure   Level
 Confusing Touch          Hex            13%        N/A       13%         3
 Tukima's Dance           Hex            13%        N/A       13%         3
 Ensorcelled Hibernation  Hex/Ice        14%        N/A       14%         2
 Dazzling Flash           Conj/Hex       14%        N/A       28%         3


Dungeon Overview and Level Annotations

Branches:
Dungeon (1/15)

Altars:


Innate Abilities, Weirdness & Mutations

You are very small and have problems with some larger weapons.
You are too small for most types of armour.
You have supernaturally acute eyesight. (SInv)
You cover ground extremely quickly. (Speed+++)


Message History

Welcome, Snicker the Spriggan Enchanter.
They say the Orb of Zot lies within this dungeon, but they say a lot of things.
Press ? for a list of commands and other information.
Found the spriggan corpse of Snicker.
Found a staircase leading out of the dungeon.
You open the door.
There is an open door here.
d - a scroll labelled LYSSIT HYXKIPA A frilled lizard comes into view.
A frilled lizard is nearby!
The helpless frilled lizard fails to defend itself.
You impale the frilled lizard!!
You kill the frilled lizard!
Found a stone staircase leading down.
There is a stone staircase leading down here.
Found 12 stones.
A kobold comes into view. It is wielding a +0 whip.
The kobold shouts!
A hobgoblin comes into view.
There are monsters nearby!
A giant cockroach comes into view.
You barely miss the kobold. The kobold hits you with a +0 whip.
You closely miss the kobold.
The hobgoblin shouts!
The kobold completely misses you.
You closely miss the kobold. You punch the kobold, but do no damage.
The kobold barely misses you.
You barely miss the kobold. You barely miss the kobold.
The kobold closely misses you.
You closely miss the kobold. The kobold misses you.
You closely miss the kobold. The kobold hits you with a +0 whip.
You hit the kobold.
The kobold is moderately wounded.
The kobold hits you with a +0 whip.
You die...

# #.
######.#.#.. #.
.. .#...........
#.##.
###.#.###.......
... #..(..
#.######
#.##.#.# #. #
#......# #. ###
##g....# #. #..
#K#.#.# #.#
#@#.# # #.#
#...# # # #
#..##.# #.#
#.....# #.#
##.#### #.. #.#
### #.# ########
# #.# #......# #
##.## ##.####.#
#


You could see a hobgoblin and a kobold.

Vanquished Creatures
  A frilled lizard (D:1)
1 creature vanquished.

Notes
Turn   | Place    | Note
-------+----------+-------------------------------------------
     0 | D:1      | Snicker the Spriggan Enchanter began the quest for the Orb.
     0 | D:1      | Reached XP level 1. HP: 9/9 MP: 5/5
   108 | D:1      | Slain by a kobold

Illustrated notes

Levels and vault maps discovered:
D:1:      nicolae_arrival_memento_mori, layout_loops_cross, serial_glass,
          glass_columns_a, glass_columns_a, glass_columns_a, glass_columns_b,
          glass_columns_a, glass_columns_a, glass_columns_a, glass_columns_c,
          ebering_ecumenical_altar_rust, serial_shops, shop

Action                   || total
-------------------------++-------
Melee: Dagger            ||     9
       Punch             ||     1
 Stab: Sleeping          ||     1
Dodge: Dodged            ||     4

Table legend: (Time is in decaauts)
 A = Elapsed time spent in this place.
 B = Non-inter-level travel time spent in this place.
 C = Inter-level travel time spent in this place.
 D = Time resting spent in this place.
 E = Time spent auto-exploring this place.
 F = Levels seen in this place.
 G = Mean time per level.
                   A        B        C        D        E       F      G
               +--------+--------+--------+--------+--------+-----+--------+
         Total |     68 |     68 |      0 |      0 |     49 |   1 |   68.0 |
       Dungeon |     68 |     68 |      0 |      0 |     49 |   1 |   68.0 |
               +--------+--------+--------+--------+--------+-----+--------+

Top non-repeatable levels by time:
     D:1: 68 daAuts
